 Dungeon Crawl Stone Soup version 0.26-a0-1129-gc5df7fbe6a (webtiles) character file.

Game seed: 6751382453638277325

20856 uibert the Fighter (level 12, -7/112 HPs)
             Began as a Hill Orc Berserker on Dec 18, 2020.
             Was a High Priest of Trog.
             Mangled by a white ugly thing (27 damage)
             ... on level 13 of the Dungeon.
             The game lasted 00:46:55 (14531 turns).

uibert the Fighter (Hill Orc Berserker)            Turns: 14531, Time: 00:46:56

Health: -7/112     AC: 20    Str: 29    XL:     12   Next: 83%
Magic:  0/21       EV:  8    Int:  7    God:    Trog [*****.]
Gold:   724        SH:  8    Dex: 10    Spells: 11/11 levels left

rFire    . . .     SeeInvis +   I - +6 falchion "Luzoqa" {drain, +Inv rN+ Str+4}
rCold    . . .     Faith    .   V - +0 kite shield
rNeg     + . .     Spirit   +   n - +0 plate armour
rPois    .         Reflect  .   X - +2 hat
rElec    .         Harm     .   P - scarf {repulsion}
rCorr    .         Rampage  .   K - +0 pair of gloves
Will     +....     Clarity  +   v - +1 pair of boots
Stlth    ..........             N - amulet of guardian spirit
HPRegen  0.28/turn              c - ring of see invisible
MPRegen  0.17/turn              g - ring of magical power

@: berserk cooldown, slowed, repel missiles, very slow
A: clarity, strong-willed 1
a: Renounce Religion, Evoke Invisibility, Berserk, Trog's Hand, Brothers in Arms


You were on level 13 of the Dungeon.
You worshipped Trog.
Trog was extremely pleased with you.
You visited 1 branch of the dungeon, and saw 14 of its levels.
You also visited: Sewer.

You collected 929 gold pieces.
You spent 205 gold pieces at shops.

Inventory:

Hand Weapons
 a - a +0 hand axe
 i - a +4 short sword of electrocution
 r - a +0 antimagic scimitar
 y - a +2 war axe of pain
 E - a +6 dire flail of protection
 I - the +6 falchion "Luzoqa" (weapon) {drain, +Inv rN+ Str+4}
   (You bought it in a shop on level 7 of the Dungeon)

   A truly terrible weapon, it drains the life of those it strikes.
   It affects your strength (+4).
   It protects you from negative energy.
   It lets you turn invisible.
 L - a +4 falchion
 M - a +2 mace of distortion
 R - a +1 demon whip of venom
 U - a +8 vorpal battleaxe
 W - a +0 long sword
Missiles
 b - a throwing net
 h - 19 poisoned darts (quivered)
Armour
 n - a +0 plate armour (worn)
 o - a +1 leather armour of willpower
 q - a +0 cloak
 t - a +0 scale mail
 v - a +1 pair of boots (worn)
 B - +0 steam dragon scales
 K - a +0 pair of gloves (worn)
 P - a scarf of repulsion (worn)
 S - the +0 chain mail of Absence {SInv}
   (You found it on level 12 of the Dungeon)

   It lets you see invisible.
 V - a +0 kite shield (worn)
 X - a +2 hat (worn)
Jewellery
 c - a ring of see invisible (left hand)
 f - an uncursed amulet of the acrobat
 g - a ring of magical power (right hand)
 N - an amulet of guardian spirit (around neck)
 O - an uncursed ring of wizardry
Wands
 l - a wand of acid (9)
 p - a wand of disintegration (6)
 D - a wand of flame (48)
 G - a wand of paralysis (25)
 Q - a wand of iceblast (8)
Scrolls
 d - 7 scrolls of identify
 e - 9 scrolls of remove curse
 j - 2 scrolls of immolation
 s - 3 scrolls of teleportation
 x - 2 scrolls of magic mapping
 J - 2 scrolls of fog
 T - a scroll of enchant weapon
Potions
 k - 5 potions of attraction
 m - 3 potions of heal wounds
 u - 3 potions of haste
 w - 2 potions of brilliance
 z - 3 potions of might
 A - 3 potions of curing
 C - a potion of ambrosia
 F - 3 potions of invisibility {unknown}
 H - a potion of cancellation {unknown}


   Skills:
 * Level 12.2 Fighting
 - Level 5.1(6.7) Short Blades
 * Level 7.1(8.1) Long Blades
 - Level 8.0 Axes
 * Level 10.4 Armour
 * Level 8.5 Dodging
 + Level 5.0 Stealth
 + Level 5.3 Evocations


You had 11 spell levels left.
You didn't know any spells.
Your spell library contained the following spells:

 Spells                   Type           Power        Failure   Level
 Corona                   Hex            0%           100%        1
 Sandblast                Erth           0%           100%        1
 Ensorcelled Hibernation  Hex/Ice        0%           100%        2
 Passwall                 Tmut/Erth      0%           100%        2
 Confusing Touch          Hex            0%           100%        3
 Dazzling Flash           Conj/Hex       0%           100%        3
 Gell's Gravitas          Tloc           0%           100%        3
 Stone Arrow              Conj/Erth      0%           100%        3
 Tukima's Dance           Hex            0%           100%        3
 Petrify                  Tmut/Erth      0%           100%        4
 Lee's Rapid Deconstruct  Erth           0%           100%        5
 Metabolic Englaciation   Hex/Ice        0%           100%        5
 Yara's Violent Unravell  Hex/Tmut       0%           100%        5


Dungeon Overview and Level Annotations

Branches:
Dungeon (14/15)            Temple (0/1) D:4            Lair (0/6) D:11
    Orc (0/2) D:12         Vaults (0/5) D:13          Sewer (visited)

Altars:
Cheibriados
Elyvilon
Gozag
Kikubaaqudgha
Nemelex Xobeh
Okawaru
Sif Muna
Trog
Uskayaw
Xom
Yredelemnul

Shops:
D:7 *(

Portals:
Trove: D:10 (show abyssal rune of Zot)

Annotations:
D:13 2 runed translucent doors


Innate Abilities, Weirdness & Mutations

You possess an exceptional clarity of mind.
You are strong-willed. (Will+)


Message History

The white ugly thing freezes you!
You closely miss the white ugly thing. You closely miss the white ugly thing.
The white ugly thing kicks you. The white ugly thing freezes you!
You closely miss the white ugly thing. The white ugly thing kicks you.
The white ugly thing freezes you!!
* * * LOW HITPOINT WARNING * * *
You are too berserk!
Unknown command.
You closely miss the white ugly thing.
Things that are here:
20 arrows; a +0 shortbow; a centaur corpse You feel a strong urge to attack something.
You feel your anger nearly subside.
You are no longer berserk.
You are exhausted.
You feel yourself slow down. The white ugly thing kicks you!
* * * LOW HITPOINT WARNING * * *
The white ugly thing freezes you!!
You die...

######## #..[.).# #####
## #..†>..# #....
.############ #..((..#
#....
<...........#####......#
#....
###########....##u.....#
#.... ####..@......#
#.... ####......#
###.>..
#......####.'....
#......'....#....
#......######..))
######(## ####' #....).#
#( ########## #.######
#. #........#
###'####### ##


You could see a white ugly thing.

Vanquished Creatures
  4 vault guards (D:13)
  A boulder beetle (D:13)
  A hydra (D:13)
  A centaur warrior (D:13)
  2 two-headed ogres
  An unseen horror (D:13)
  A manticore (D:12)
  4 ugly things
  A cyclops (D:13)
  Joseph (D:9)
  Psyche (D:11)
  Maggie (D:6)
  2 centaur skeletons (D:13)
  A komodo dragon (D:13)
  6 trolls
  2 shadows (D:11)
  2 wyverns
  A yak (D:8)
  A steam dragon (D:10)
  8 vampire mosquitoes
  Edmund (D:6)
  3 black bears
  7 orc warriors
  2 ice beasts
  4 sky beasts
  A necrophage (D:9)
  An eye of draining (D:11)
  8 ogres
  14 centaurs
  3 big kobolds
  A gnoll sergeant (D:9)
  7 bullfrogs
  8 scorpions
  13 killer bees
  A water moccasin skeleton (D:11)
  A howler monkey (D:9)
  A bullfrog zombie (D:10)
  A quasit (D:12)
  A centaur zombie (D:10)
  6 jellies
  5 orc priests
  11 hounds
  8 orc wizards
  2 bullfrog skeletons (D:12)
  2 iguanas
  9 worker ants
  A hound skeleton (D:5)
  17 adders
  5 gnolls
  6 river rats
  2 white imps
  2 ufetubi
  An ooze (D:1)
  2 worm zombies (D:8)
  2 adder zombies
  4 worms
  A dart slug (D:2)
  11 leopard geckos
  43 orcs
  7 bats
  8 giant cockroaches
  5 goblins
  2 hobgoblins (D:2)
  4 jackals (D:8)
  18 kobolds
  6 quokkas
  6 ball pythons
  12 frilled lizards
  A jackal zombie (D:8)
  A kobold zombie (D:8)
  22 rats
352 creatures vanquished.

Notes
Turn   | Place    | Note
-------+----------+-------------------------------------------
     0 | D:1      | uibert the Hill Orc Berserker began the quest for the Orb.
     0 | D:1      | Reached XP level 1. HP: 19/19 MP: 1/1
   254 | D:1      | Reached skill level 4 in Fighting
   254 | D:1      | Reached XP level 2. HP: 27/27 MP: 2/2
   605 | D:1      | Reached XP level 3. HP: 20/33 MP: 3/3
  1090 | D:2      | Noticed an ogre
  1107 | D:2      | Killed an ogre
  1108 | D:2      | Reached skill level 5 in Axes
  1108 | D:2      | Reached XP level 4. HP: 22/41 MP: 4/4
  1108 | D:2      | Reached XP level 5. HP: 26/47 MP: 5/5
  1449 | D:2      | Reached ** piety under Trog
  2343 | D:3      | Reached skill level 5 in Fighting
  2348 | D:3      | Reached XP level 6. HP: 50/56 MP: 6/6
  2798 | D:3      | Reached *** piety under Trog
  2989 | D:4      | Reached XP level 7. HP: 61/61 MP: 7/7
  3182 | D:4      | Reached skill level 6 in Fighting
  3190 | D:4      | Found a staircase to the Ecumenical Temple.
  3412 | D:4      | Found a glowing drain.
  3417 | Sewer    | Entered a sewer
  3583 | Sewer    | Reached **** piety under Trog
  3994 | D:4      | Found an iron altar of Okawaru.
  4122 | D:5      | Entered Level 5 of the Dungeon
  4247 | D:5      | Found an ancient bone altar of Kikubaaqudgha.
  4322 | D:5      | Reached skill level 1 in Short Blades
  4322 | D:5      | Reached skill level 5 in Armour
  4322 | D:5      | Reached XP level 8. HP: 71/71 MP: 8/8
  4337 | D:5      | Gained mutation: You possess an exceptional clarity of
                  | mind. [potion of mutation]
  4337 | D:5      | Gained mutation: You are strong-willed. (Will+) [potion of
                  | mutation]
  4582 | D:6      | Noticed Maggie
  4596 | D:6      | Killed Maggie
  4597 | D:6      | Reached skill level 7 in Fighting
  4943 | D:6      | Reached skill level 5 in Dodging
  5081 | D:6      | Reached XP level 9. HP: 79/79 MP: 9/9
  5310 | D:6      | Noticed Edmund
  5321 | D:6      | Killed Edmund
  5615 | D:6      | Reached skill level 5 in Short Blades
  5706 | D:7      | Found a hide-covered altar of Uskayaw.
  5709 | D:7      | Noticed a +0 dagger
  5709 | D:7      | Noticed a +0 hand axe
  5838 | D:7      | Found Nidiosus's Antique Weapon Shop.
  5846 | D:7      | Bought a shimmering falchion for 160 gold pieces
  5846 | D:7      | Identified the +6 falchion "Luzoqa" {drain, +Inv rN+ Str+4}
                  | (You bought it in a shop on level 7 of the Dungeon)
  5866 | D:7      | Found a basalt altar of Yredelemnul.
  5982 | D:7      | Reached skill level 8 in Fighting
  6225 | D:7      | Found a snail-covered altar of Cheibriados.
  6225 | D:7      | Found a white marble altar of Elyvilon.
  6297 | D:7      | Found a sparkling altar of Nemelex Xobeh.
  6367 | D:7      | Found Woets's General Store.
  6375 | D:7      | Bought a scroll of teleportation for 45 gold pieces
  6658 | D:8      | Found a sand-covered staircase.
  6686 | D:8      | Found a shimmering altar of Xom.
  6876 | D:8      | Reached skill level 1 in Stealth
  6884 | D:8      | Reached skill level 1 in Long Blades
  6886 | D:8      | Reached skill level 1 in Evocations
  7609 | D:8      | Found a bloodstained altar of Trog.
  7680 | D:8      | Noticed a centaur warrior
  7682 | D:8      | Noticed a red ugly thing
  7698 | D:9      | Noticed a two-headed ogre
  7701 | D:9      | Reached skill level 9 in Fighting
  7701 | D:9      | Reached XP level 10. HP: 28/91 MP: 4/10
  7715 | D:9      | Noticed Joseph
  8104 | D:9      | Killed Joseph
  8372 | D:9      | Reached ***** piety under Trog
  8381 | D:9      | Found a basalt altar of Yredelemnul.
  8726 | D:9      | Killed a two-headed ogre
  8893 | D:10     | Entered Level 10 of the Dungeon
  9371 | D:10     | Found a basalt altar of Yredelemnul.
  9494 | D:10     | Reached skill level 10 in Fighting
  9823 | D:10     | Reached XP level 11. HP: 79/99 MP: 11/11
 10141 | D:10     | Found a portal to a secret trove of treasure.
 10294 | D:10     | Noticed a two-headed ogre
 10303 | D:10     | Killed a two-headed ogre
 10520 | D:10     | Reached skill level 5 in Long Blades
 10765 | D:11     | Found a staircase to the Lair.
 10962 | D:11     | Noticed a purple ugly thing
 10971 | D:11     | Noticed a red ugly thing
 10972 | D:11     | Noticed Psyche
 10978 | D:11     | Killed a red ugly thing
 10982 | D:11     | Killed Psyche
 10993 | D:11     | Killed a red ugly thing
 11650 | D:11     | Found a shimmering blue altar of Sif Muna.
 11777 | D:12     | Got a spiked chain mail
 11778 | D:12     | Identified the +0 chain mail of Absence {SInv} (You found
                  | it on level 12 of the Dungeon)
 11879 | D:12     | Noticed a manticore
 11898 | D:12     | Killed a manticore
 12183 | D:12     | Found a staircase to the Orcish Mines.
 12225 | D:12     | Found an opulent altar of Gozag.
 12421 | D:13     | Noticed a cyclops
 12435 | D:13     | Received a gift from Trog
 12440 | D:13     | Killed a cyclops
 12441 | D:13     | Reached skill level 11 in Fighting
 12745 | D:13     | Noticed a centaur warrior
 12759 | D:13     | Killed a centaur warrior
 12843 | D:13     | Found a gate to the Vaults.
 12843 | D:13     | Noticed a vault guard
 12843 | D:13     | Noticed an unseen horror
 12843 | D:13     | Noticed a vault guard
 12843 | D:13     | Noticed a vault guard
 12843 | D:13     | Noticed a vault guard
 12844 | D:13     | Noticed a boulder beetle
 12850 | D:13     | Reached XP level 12. HP: 110/110 MP: 12/12
 13332 | D:13     | Killed a vault guard
 13344 | D:13     | Killed a vault guard
 13578 | D:13     | Killed a vault guard
 13579 | D:13     | Reached skill level 10 in Armour
 13671 | D:13     | Killed a vault guard
 13672 | D:13     | Reached skill level 5 in Evocations
 13807 | D:13     | Killed a boulder beetle
 13832 | D:13     | Reached skill level 12 in Fighting
 13918 | D:13     | Found a runed translucent door.
 13919 | D:13     | Noticed an ice dragon
 13921 | D:13     | Noticed a fire dragon
 13921 | D:13     | Noticed an ice dragon
 13922 | D:13     | Noticed a fire dragon
 13923 | D:13     | Found the +2 shield of Resistance {rF++ rC++ Will++}
 13928 | D:13     | Noticed a five-headed hydra
 13940 | D:13     | Killed a five-headed hydra
 14083 | D:13     | Found a runed translucent door.
 14296 | D:14     | Noticed a death knight
 14464 | D:13     | Reached skill level 5 in Stealth
 14531 | D:13     | Mangled by a white ugly thing

Illustrated notes

Levels and vault maps discovered:
D:1:      dpeg_arrival_castle, layout_rooms, item_on_display_a
D:2:      cheibrodos_helix_gallery, layout_basic
D:3:      layout_rooms, serial_glass, glass_columns_c, glass_columns_b,
          glass_columns_a, glass_columns_b, glass_columns_c, glass_columns_b,
          glass_columns_a, glass_columns_a, glass_columns_a, glass_columns_a
D:4:      layout_basic, okawaru_gym_becter, temple_fountains,
          lightli_sewer_entry_pipes
D:5:      layout_cave_pools, kiku_gazebo_pond_becter
D:6:      layout_loops_ring, minmay_misc_feat_x, uniq_edmund, uniq_maggie
D:7:      layout_loops_corners, dancing_weapons_uskayaw,
          nemelex_xobeh_ov_fountains_minmay, general_overflow_altar,
          gammafunk_temple_overflow_wave, serial_shops, shop, shop
D:8:      layout_layer_cave, overflow_temple_1_default, lightli_temple_of_fire,
          enter_ossuary_3, minmay_evil_grid
D:9:      layout_roguey, basic_altar, chequers_decorated_corner,
          grunt_ministairs_4, uniq_joseph
D:10:     layout_roguey, basic_altar, enter_trove_6
D:11:     layout_small_grid, lair_entry_dummy, tgw_sif, uniq_psyche
D:12:     layout_cave_pools, orc_0_dummy, grunt_gozag_breadcrumbs
D:13:     layout_roguey, lightli_vaults_fourway_checkpoint,
          minmay_guarded_unrand_resistance
D:14:     minmay_shoctagon, layout_gridville, lemuel_statue_altar,
          nicolae_dithmenos_through_a_glass_darkly, uniq_agnes

Skill      XL: |  1  2  3  4  5  6  7  8  9 10 11 12 |
---------------+-------------------------------------+-----
Fighting       | 4 5 6 7 9 10 11 12 | 12.2
Dodging        | 2 3 4 5 6 7 8 |  8.5
Axes           | 5 6 7 8 |  8.0
Armour         | 3 4 5 6 8 9 10 | 10.4
Short Blades   | 1 4 5 |  5.1
Stealth        | 1 3 4 5 |  5.0
Long Blades    | 2 4 6 7 |  7.1
Evocations     | 1 3 4 5 |  5.3

Action                   |  1- 3 |  4- 6 |  7- 9 | 10-12 || total
-------------------------+-------+-------+-------+-------++-------
Melee: Hand axe          |    71 |    10 |       |       ||    81
       Short sword       |       |   105 |   276 |       ||   381
       Falchion          |       |       |   148 |   541 ||   689
       Dire flail        |       |       |    19 |    18 ||    37
       Battleaxe         |       |       |       |    52 ||    52
Throw: Dart              |       |     1 |     3 |     9 ||    13
Invok: Berserk           |     4 |     5 |     8 |    12 ||    29
       Trog's Hand       |       |       |     3 |     1 ||     4
 Abil: Evoke Invisibilit |       |       |       |     1 ||     1
  Use: Potion            |     4 |     4 |     4 |       ||    12
       Scroll            |       |     1 |     6 |    15 ||    22
 Stab: Sleeping          |     1 |     2 |       |       ||     3
Armor: Animal skin       |    10 |    13 |       |       ||    23
       Leather armour    |       |    11 |    39 |       ||    50
       Plate armour      |       |       |   187 |   424 ||   611
       Steam dragon scal |       |       |     2 |       ||     2
Dodge: Dodged            |    57 |    98 |   310 |   382 ||   847
       Repelled          |       |       |       |     2 ||     2
Block: Kite shield       |       |       |       |    67 ||    67
       Rpst.: Falchion   |       |       |    39 |    72 ||   111

Table legend: (Time is in decaauts)
 A = Elapsed time spent in this place.
 B = Non-inter-level travel time spent in this place.
 C = Inter-level travel time spent in this place.
 D = Time resting spent in this place.
 E = Time spent auto-exploring this place.
 F = Levels seen in this place.
 G = Mean time per level.
                   A        B        C        D        E       F      G
               +--------+--------+--------+--------+--------+-----+--------+
         Total |  14949 |  14709 |    240 |   3181 |   7239 |  15 |  996.6 |
       Dungeon |  14422 |  14182 |    240 |   3181 |   7066 |  14 | 1030.1 |
         Sewer |    527 |    527 |      0 |      0 |    172 |   1 |  527.0 |
               +--------+--------+--------+--------+--------+-----+--------+

Top non-repeatable levels by time:
    D:13: 2196 daAuts
    D:10: 1787 daAuts
     D:8: 1220 daAuts
     D:9: 1203 daAuts
     D:6: 1181 daAuts
     D:2: 1176 daAuts
     D:1: 1139 daAuts
    D:11: 1117 daAuts
     D:7: 806 daAuts
     D:3: 785 daAuts
     D:4: 727 daAuts
    D:12: 635 daAuts
   Sewer: 527 daAuts
     D:5: 428 daAuts
    D:14: 17 daAuts
